Cogmind - Beta 17 @@@ ROGUE MODE // 2026.06.24 @ 19:49:02 Player: beans Result: Destroyed by G-73 Enforcer with Phase Gun Performance ------------- Evolutions (8) 4000 Regions Visited (24) 4800 Robots Destroyed (250) 1250 Value Destroyed (10038) 10038 Prototype IDs (41) 820 Alien Tech Used (0) 0 Bonus (5740) 5740 TOTAL SCORE: 26648 Bonus ------- High Alert Combat Kills 948 Follower Combat Kills 2515 Entered DSFs 500 Registered with UFD 300 Met Optimus in HQ 500 Met Data Miner 300 Built Enhanced Grunts 300 Met R17 at Cetus 500 Friendly Fire -123 Cogmind --------- Core Integrity 0/1450 Matter 25/300 Energy 166/700 System Corruption 9% Temperature Cool (0) Movement Core (250) Ox4 Location -2/Research Parts ------- > --- POWER (2) -------- (None) > --- PROPULSION (6) --- (None) > --- UTILITY (7) ------ Experimental Energy Well Advanced Target Analyzer > --- WEAPON (8) ------- Enhanced Hardcell Cannon > --- INVENTORY (5) ---- Medium Storage Unit Experimental Energy Well (600) Enhanced Nova Cannon CPS Tube (1) Peak State ------------ > --- POWER ------------ Quantum Reactor Light Quantum Reactor > --- PROPULSION ------- Biometal Heavy Treads Biometal Heavy Treads Biometal Heavy Treads > --- UTILITY ---------- Advanced Heat Sink Advanced Heat Sink Advanced Cooling System Medium Storage Unit Advanced Target Analyzer Improved Core Shielding Advanced Powered Armor > --- WEAPON ----------- Advanced Variable Charge Gun Advanced Variable Charge Gun Advanced Variable Charge Gun Enhanced Nova Cannon Enhanced Nova Cannon Smartbomb Launcher CPS Tube > --- INVENTORY -------- Experimental Energy Well Experimental Energy Well Enhanced Nova Cannon Enhanced Nova Cannon Railgun Railgun [Rating: 173] Favorites ----------- Power Neutrino Core Engine Light Ion Engine Power Core Neutrino Core Reactor Light Antimatter Reactor Propulsion Enhanced Flexi-carbon Leg Treads Light Treads Leg Enhanced Flexi-carbon Leg Flight Unit Field Propulsion Array Utility Advanced Heat Sink Device Advanced Heat Sink Storage High-capacity Storage Unit Processor Targeting Computer Hackware Advanced Hacking Suite Protection Improved Core Shielding Weapon Improved Assault Rifle Energy Gun Plasma Rifle Energy Cannon Neutron Cannon Ballistic Gun Improved Assault Rifle Ballistic Cannon Mini Assault Cannon Launcher Rocket Launcher Special Weapon CPS Tube Build | -11 -10 -9 -9 -9 -9 -6 -6 -6 -6 -5 -5 -5 -5 -5 -5 -5 -4 -4 -4 -4 -4 -3 -3 -2 ------- Run | Yrd Mat Mat Sto Rec Scr Fac Low Low Dat Pro Fac Was Fac Upp Upp Zhi Pro Fac Ext Cet Arc Res DSF Res Slots Evolved 16 | . . 2 . . . 6 . . . . 2 . . . . . . 2 . . . 2 . 2 Power 1 | . . . . . . . . . . . 1 . . . . . . . . . . . . . Propulsion 4 | . . . . . . 2 . . . . . . . . . . . 2 . . . . . . Utility 5 | . . . . . . 4 . . . . 1 . . . . . . . . . . . . . Weapon 6 | . . 2 . . . . . . . . . . . . . . . . . . . 2 . 2 Parts Attached 202 | 7 4 1 21 1 7 13 5 . 23 10 32 . . 3 4 . 2 28 18 3 . . 8 12 Power 26 | 1 . . 2 . . 1 . . 1 1 9 . . . 2 . 1 2 4 . . . 2 . Engine 4 | 1 . . 1 . . . . . . . 2 . . . . . . . . . . . . . Core 13 | . . . 1 . . 1 . . . . 7 . . . 2 . . . 2 . . . . . Reactor 9 | . . . . . . . . . 1 1 . . . . . . 1 2 2 . . . 2 . Propulsion 44 | 2 2 . 7 . 1 3 . . 5 1 6 . . . . . . 6 6 . . . 4 1 Treads 9 | . . . 4 . 1 1 . . . . . . . . . . . . . . . . 3 . Leg 28 | 2 . . 3 . . 2 . . 5 1 6 . . . . . . 6 3 . . . . . Wheel . | . . . . . . . . . . . . . . . . . . . . . . . . . Hover . | . . . . . . . . . . . . . . . . . . . . . . . . . Flight 7 | . 2 . . . . . . . . . . . . . . . . . 3 . . . 1 1 Utility 54 | 1 1 1 . 1 1 5 . . 9 4 9 . . 1 1 . . 9 5 . . . 2 4 Device 33 | 1 1 . . 1 1 . . . 6 2 7 . . . 1 . . 7 2 . . . 1 3 Storage 11 | . . 1 . . . 3 . . 2 1 1 . . . . . . 1 1 . . . . 1 Processor 4 | . . . . . . 2 . . . . . . . . . . . 1 1 . . . . . Hackware 1 | . . . . . . . . . . . . . . 1 . . . . . . . . . . Protection 5 | . . . . . . . . . 1 1 1 . . . . . . . 1 . . . 1 . Artifact . | . . . . . . . . . . . . . . . . . . . . . . . . . Weapon 78 | 3 1 . 12 . 5 4 5 . 8 4 8 . . 2 1 . 1 11 3 3 . . . 7 Energy Gun 21 | 2 1 . 1 . . . . . . 3 2 . . 1 . . . 7 2 2 . . . . Energy Cannon 10 | . . . . . . . . . 4 . . . . . . . . 2 . . . . . 4 Ballistic Gun 28 | 1 . . 6 . 4 4 5 . 2 1 2 . . . . . . . 1 . . . . 2 Ballistic Cannon 10 | . . . 4 . . . . . . . 2 . . 1 1 . 1 . . . . . . 1 Launcher 3 | . . . 1 . 1 . . . . . 1 . . . . . . . . . . . . . Special Weapon 6 | . . . . . . . . . 2 . 1 . . . . . . 2 . 1 . . . . Impact Weapon . | . . . . . . . . . . . . . . . . . . . . . . . . . Slashing Weapon . | . . . . . . . . . . . . . . . . . . . . . . . . . Piercing Weapon . | . . . . . . . . . . . . . . . . . . . . . . . . . Special Melee Weapon . | . . . . . . . . . . . . . . . . . . . . . . . . . Unidentified Prototypes 9 | . . . 2 . . . . . . . 3 . . . . . . 3 1 . . . . . Corrupted Parts 3 | . . . . . . . . . . . 3 . . . . . . . . . . . . . System Corruption 30 | . . . . . . . . . . . 30 . . . . . . . . . . . . . Parts Lost 126 | 1 1 . 9 . . 6 6 . 10 5 25 . . 4 3 . 1 21 13 1 1 . . 19 Power 23 | . . . 2 . . 1 1 . . 1 7 . . 1 1 . . 3 4 . . . . 2 Propulsion 24 | . 1 . 2 . . 1 1 . 1 . 5 . . 1 . . 1 3 4 . . . . 4 Utility 37 | . . . 1 . . 1 2 . 2 3 8 . . . 1 . . 10 2 . 1 . . 6 Weapon 42 | 1 . . 4 . . 3 2 . 7 1 5 . . 2 1 . . 5 3 1 . . . 7 Highest Loss Streak 16 | 1 1 . 4 . . 6 3 . 10 2 9 . . 4 2 . 1 16 3 1 1 . . 9 To Critical Strikes 1 | . . . . . . . . . . . . . . . 1 . . . . . . . . . Average Backups 15 | . 1 5 16 18 18 17 18 18 15 18 18 17 18 17 17 18 18 11 7 7 7 8 7 7 Power . | . . 1 . . . . . . . . . 1 1 1 . . . . . . 1 1 . . Propulsion 1 | . . 1 2 1 1 1 2 2 2 2 . . . . . 1 1 1 1 1 1 1 . . Utility 4 | . . . 3 5 4 5 5 5 5 8 5 6 7 7 6 6 5 3 1 2 2 2 2 2 Weapon 6 | . . 2 10 12 9 6 7 7 3 3 8 6 6 5 6 7 8 4 3 2 2 3 3 4 Tool/Special . | . . . . . . . . . . . . . . . . . . . . . . . . . Unused Backups 20 | . . . 4 1 6 . 1 . 3 . . 1 . . . . . 2 2 . . . . . Power . | . . . . . . . . . . . . . . . . . . . . . . . . . Propulsion 6 | . . . 3 1 1 . . . . . . . . . . . . . 1 . . . . . Utility 4 | . . . . . 1 . . . 3 . . . . . . . . . . . . . . . Weapon 10 | . . . 1 . 4 . 1 . . . . 1 . . . . . 2 1 . . . . . Tool/Special . | . . . . . . . . . . . . . . . . . . . . . . . . . Average Slot Usage (%) 77 | . 84 77 91 93 99 69 69 60 74 79 74 63 64 64 59 61 58 71 86 67 63 57 64 58 Engine 1 | . 14 11 8 . . . . . . . . 5 5 3 . . . . . . . . . . Core 3 | . . . 1 11 11 3 1 . . . 5 . . . 7 11 6 2 1 5 5 4 2 . Reactor 1 | . . . . . . . . . 4 6 . . . . . . 3 4 6 . . . 3 6 Treads 4 | . . . 6 22 22 6 . . . . . . . . . . . . . . . . 6 11 Leg 11 | . 17 22 13 . . 6 11 6 15 20 21 23 23 21 17 17 13 17 19 . . . . . Flight 1 | . 7 . . . . . . . . . . . . . . . . . 3 15 15 14 6 . Device 12 | . 16 14 10 5 11 . . . 18 22 17 12 11 11 11 11 11 12 19 15 10 9 10 13 Storage 9 | . . 7 11 11 11 13 16 13 8 6 13 7 5 5 5 5 11 8 5 5 5 4 4 4 Processor 3 | . . . . . . 11 13 13 3 . . . . . . . . 4 4 5 5 4 4 4 Protection 1 | . . . . . . . . . 3 5 1 . . . . . . . 4 5 5 4 4 2 Energy Gun 4 | . 28 22 1 . . . . . . 6 2 . . 1 3 2 . 6 19 10 15 14 14 . Energy Cannon 2 | . . . . . . . . . 10 7 3 . . . 1 . . 4 . . . . . 13 Ballistic Gun 15 | . . . 30 44 43 25 24 26 7 . 1 6 11 8 . . . . . 3 . . . . Ballistic Cannon 1 | . . . 8 . . . . . . . 3 5 5 4 4 5 2 5 . . . . . . Peak Build Rating 173 | 6 10 11 29 26 34 58 58 42 105 104 108 86 62 74 70 71 71 102 117 107 107 103 149 173 Average Rating 62 | 1 6 10 20 24 31 45 47 42 72 83 85 63 62 63 63 67 67 82 99 103 103 103 118 128 On Entrance 61 | . 6 10 11 23 26 32 58 42 42 86 86 86 62 62 53 70 65 68 102 96 107 103 103 144 Avg Prop Armor Cover (%) 5 | . . . . . . . . . . . 3 . . . . . . . 21 . . . . . Naked Turns . | . . . . . . . . . . . . . . . . . . . . . . . . . Heaviest Build 252 | 7 9 48 58 58 63 64 64 49 252 109 104 97 66 71 92 92 86 99 64 45 45 44 82 118 Greatest Support 225 | 20 20 20 40 40 50 50 40 20 112 112 112 74 74 74 46 46 46 100 120 45 45 45 225 225 Greatest Overweight (x) 17 | 1 1 2 16 1 1 1 2 2 17 1 2 1 . 1 1 1 2 2 11 . . . . . Average Overweight (x) . | . . 1 1 1 1 1 1 2 1 . . . . . 1 1 1 . . . . . . . Largest Inventory Capacity 35 | 5 5 20 20 20 20 20 20 20 35 20 20 20 20 20 20 20 20 20 10 10 10 10 10 10 Average Capacity 17 | 5 5 16 20 20 20 20 20 20 18 20 20 20 20 20 20 20 20 14 10 10 10 10 10 9 Most Carried 20 | 3 5 7 20 20 20 20 20 20 20 20 20 20 20 20 20 20 20 20 10 10 10 10 10 10 Average Carried 16 | . 1 5 16 19 19 18 20 20 16 19 19 19 20 19 19 19 20 14 9 9 9 10 8 8 Final Capacity 20 | 5 5 20 20 20 20 20 20 20 20 20 20 20 20 20 20 20 20 10 10 10 10 10 10 5 Final Carried 20 | . 2 7 20 20 20 20 20 20 20 20 20 20 20 20 20 20 20 10 10 10 10 10 10 4 Scrap Suit Usage (%) 1 | . . . . . . . . . . . 2 . . . . . . 3 . . . . . . Parts Cannibalized 1 | . . . . . . . . . . . 1 . . . . . . . . . . . . . Class Distribution -------------------- 27% | Scavenger-Mutant 26% | Scavenger-Gunner 19% | Gunner 16% | Derelict-Gunner 7% | Scavenger-Tank Dominant Class ---------------- Scavenger-Mutant | -10/Materials Scavenger-Mutant | -9/Materials Gunner | -9/Storage Scavenger-Gunner | -9/Recycling Gunner | -9/Scraptown Scavenger-Gunner | -6/Factory Gunner | -6/Lower Caves Derelict-Gunner | -6/Lower Caves Scavenger-Mutant | -6/Data Miner Scavenger-Mutant | -5/Proximity Caves Scavenger-Mutant | -5/Factory Scavenger-Mutant | -5/Waste Scavenger-Gunner | -5/Factory Scavenger-Gunner | -5/Upper Caves Scavenger-Mutant | -5/Upper Caves Scavenger-Mutant | -5/Zhirov Scavenger-Mutant | -4/Proximity Caves Scavenger-Gunner | -4/Factory Scavenger-Gunner | -4/Extension Scavenger-Gunner | -4/Cetus Scavenger-Gunner | -4/Archives Scavenger-Gunner | -3/Research Scavenger-Gunner | -3/DSF Scavenger-Tank | -2/Research Resources | -11 -10 -9 -9 -9 -9 -6 -6 -6 -6 -5 -5 -5 -5 -5 -5 -5 -4 -4 -4 -4 -4 -3 -3 -2 ----------- Run | Yrd Mat Mat Sto Rec Scr Fac Low Low Dat Pro Fac Was Fac Upp Upp Zhi Pro Fac Ext Cet Arc Res DSF Res Matter Collected 7349 | 249 48 48 1421 130 287 473 587 60 411 140 957 73 . 248 222 . 122 746 519 218 20 . 127 243 Remotely . | . . . . . . . . . . . . . . . . . . . . . . . . . Salvage Created 11543 | 48 296 55 1836 270 267 658 501 9 311 550 1607 . . 198 61 . 35 882 2196 128 95 . 111 1429 Parts 547 | 6 15 3 97 18 13 34 24 . 40 25 67 . . 2 2 . 3 66 57 4 . . 4 67 Haulers Intercepted 15 | . 1 . 5 . . . . . . . 1 . . . . . . . 7 . . . . 1 Recyclers Shooed 11 | . 2 . 2 1 . 3 . . . . 2 . . . . . . 1 . . . . . . Parts Field Recycled . | . . . . . . . . . . . . . . . . . . . . . . . . . Retrieved Matter . | . . . . . . . . . . . . . . . . . . . . . . . . . Parts Self-Destructed 64 | . . . . . 1 . 24 9 . 22 . . . 2 3 . 3 . . . . . . . Prevented 6 | . . . . . . . . 3 . . . . . . 3 . . . . . . . . . Parts Restored . | . . . . . . . . . . . . . . . . . . . . . . . . . Kills | -11 -10 -9 -9 -9 -9 -6 -6 -6 -6 -5 -5 -5 -5 -5 -5 -5 -4 -4 -4 -4 -4 -3 -3 -2 ------- Run | Yrd Mat Mat Sto Rec Scr Fac Low Low Dat Pro Fac Was Fac Upp Upp Zhi Pro Fac Ext Cet Arc Res DSF Res Combat Hostiles Destroyed 176 | 1 5 1 23 2 4 6 9 . 4 14 24 . . 5 1 . 1 19 23 2 1 . 2 29 Melee 1 | . . . . . . . . . . . . . . . . . . . . . . . . 1 Guns 78 | 1 5 1 11 2 4 6 9 . 4 8 7 . . 1 1 . . 1 11 2 . . 1 3 Cannons 54 | . . . 12 . . . . . . . 17 . . 4 . . 1 11 1 . . . . 8 AOE 41 | . . . . . . . . . . 6 . . . . . . . 7 10 . . . 1 17 Classes Destroyed 22 | 2 4 1 2 . 2 1 1 1 . 1 4 . . . . . . . 1 . . . 1 1 Worker 20 | 1 . . 10 . . 4 . . . . 1 . . . . . . 2 . . . . . 2 Builder 10 | . 1 . 4 1 . 1 . . . . . . . . . . . . 1 . . . . 2 Tunneler 2 | . . . . . . . . . . . . . . . . . . . 2 . . . . . Hauler 15 | . 1 . 5 . . . . . . . 1 . . . . . . . 7 . . . . 1 Recycler 17 | . 1 . 7 2 . 2 . . . . 1 . . . . . . 1 3 . . . . . Operator 1 | . . . 1 . . . . . . . . . . . . . . . . . . . . . Watcher 7 | . . . 1 . . 1 . . . . 2 . . . . . . 1 2 . . . . . Swarmer 50 | . 3 . 6 . . 3 2 . . 5 2 . . 1 . . . 6 9 . . . . 13 Saboteur 1 | . . . . . . . . . . . . . . . . . . . . . . . . 1 Grunt 53 | 1 2 . 8 . . . 5 . . 5 11 . . 3 . . . 5 6 . . . 1 6 Brawler 1 | . . . . . . . 1 . . . . . . . . . . . . . . . . . Duelist 4 | . . . . . . . . . . . 1 . . . . . . . 3 . . . . . Protector 1 | . . . . . . . . . . . 1 . . . . . . . . . . . . . Sentry 26 | . . 1 9 2 . . 1 . . 1 2 . . 1 . . . 2 4 . 1 . . 2 Hunter 11 | . . . . . . 3 . . . 2 1 . . . 1 . . . . 1 . . . 3 Programmer 16 | . . . . . . . . . . . 5 . . . . . 1 6 . . . . . 4 Heavy 1 | . . . . . . . . . . . . . . . . . . . . . . . 1 . Behemoth 2 | . . . . . . . . . . 1 . . . . . . . . 1 . . . . . Cetus Guard 1 | . . . . . . . . . . . . . . . . . . . . 1 . . . . Enhanced Grunt 4 | . . . . . . . . . 4 . . . . . . . . . . . . . . . Explorer 1 | . . . . . 1 . . . . . . . . . . . . . . . . . . . Scrapper 3 | . . . . . 3 . . . . . . . . . . . . . . . . . . . Scrapoid 3 | . . . . . . . . . . . 3 . . . . . . . . . . . . . Samaritan 1 | . . . . . . . . 1 . . . . . . . . . . . . . . . . Best Kill Streak 16 | 1 4 1 16 2 2 7 6 . 2 5 4 . . 4 1 . 1 4 6 1 1 . 1 12 Combat Bots Only 9 | 1 3 1 7 1 2 4 6 . 2 5 4 . . 4 1 . 1 4 5 1 1 . 1 9 Max Kills in Single Turn 4 | 1 2 1 2 1 2 1 2 1 1 4 2 . . 1 1 . 1 4 4 1 1 . 1 3 Gunslinging 1 | . 1 . . . 1 . 1 . . . . . . . . . . . 1 . . . . . Exploded 4 | . . . . . . . . . . 4 . . . . . . . 4 4 . . . 1 3 Melee 1 | . . . . . . . . . . . . . . . . . . . . . . . . 1 Uniques/NPCs Destroyed . | . . . . . . . . . . . . . . . . . . . . . . . . . Combat | -11 -10 -9 -9 -9 -9 -6 -6 -6 -6 -5 -5 -5 -5 -5 -5 -5 -4 -4 -4 -4 -4 -3 -3 -2 -------- Run | Yrd Mat Mat Sto Rec Scr Fac Low Low Dat Pro Fac Was Fac Upp Upp Zhi Pro Fac Ext Cet Arc Res DSF Res Hostile Shots Fired 1521 | 23 21 12 150 6 13 82 66 . 44 109 216 2 . 86 35 . 6 139 131 18 8 . 9 345 Missed 437 | 1 8 6 48 1 3 17 23 . 15 29 49 2 . 21 12 . 2 32 45 11 4 . 5 103 Hits 1084 | 22 13 6 102 5 10 65 43 . 29 80 167 . . 65 23 . 4 107 86 7 4 . 4 242 Melee 19 | . . . . . 4 . . . . . 6 . . . . . . . 8 . . . . 1 Projectile 1065 | 22 13 6 102 5 6 65 43 . 29 80 161 . . 65 23 . 4 107 78 7 4 . 4 241 AOE 1 | . . . . . . . . . . . . . . . . . . . . . . . . 1 Critical Strikes 64 | . . 1 4 . . . 2 . . 6 15 . . 2 1 . . 8 13 1 . . . 11 Actively Blocked 1 | . . . . . . . . . . . . . . . . . . . 1 . . . . . Part Disruptions 2 | . . . . . . . . . . . 1 . . . 1 . . . . . . . . . Damage Taken 22436 | 240 141 88 1191 67 260 1065 870 . 1329 1608 3803 . . 1213 362 . 80 2313 1898 173 108 . 71 5556 Core 4443 | 142 38 15 132 . 12 141 51 . 379 203 564 . . 262 70 . 40 546 320 22 42 . 11 1453 Absorbed by Shields 350 | . . . . . . . . . . . 174 . . . . . . . 106 70 . . . . Reduced by Siege Mode 28 | . . . . . . . . . . . . . . . . . . . . . . . . 28 Redirected to Shielding 90 | . . . . . . . . . . . . . . . . . . . 61 7 18 . 4 . Ignored by Resistances 358 | . . . . . . . . . . 218 140 . . . . . . . . . . . . . Regen/Repaired (Parts) 272 | . . . . . 262 . . . . . 10 . . . . . . . . . . . . . Core Remaining (%) 37 | 43 28 . . . 60 . . . . 8 . . . . . . 6 . . . 19 . 99 . Volleys Fired 695 | 16 26 4 89 10 12 35 22 3 38 40 126 3 . 19 7 . 5 53 96 20 6 . 6 59 Largest 4 | 1 2 2 4 4 4 4 4 4 4 4 3 2 . 4 2 . 1 4 4 3 3 . 3 4 Hottest 480 | 50 90 105 112 92 112 112 107 96 270 450 231 55 . 148 171 . 44 348 328 190 240 . 240 480 Shots Fired 1807 | 16 52 8 347 40 45 139 79 12 93 84 224 6 . 54 12 . 5 122 292 29 18 . 14 116 Gun 1277 | 16 52 8 257 40 44 139 78 12 41 49 96 3 . 35 9 . . 41 271 28 18 . 12 28 Cannon 489 | . . . 90 . . . . . 48 32 127 3 . 19 3 . 5 77 10 . . . . 75 Launcher 32 | . . . . . 1 . 1 . 1 3 . . . . . . . . 11 . . . 2 13 Special 9 | . . . . . . . . . 3 . 1 . . . . . . 4 . 1 . . . . Kinetic 962 | 15 . . 347 40 44 139 78 12 41 . 79 6 . 46 . . 5 57 3 17 . . . 33 Thermal 798 | 1 52 8 . . . . . . 48 81 144 . . 2 12 . . 61 278 11 18 . 12 70 Explosive 32 | . . . . . 1 . 1 . 1 3 . . . . . . . . 11 . . . 2 13 Electromagnetic 6 | . . . . . . . . . . . . . . 6 . . . . . . . . . . Robot Hit Streak 20 | 5 12 13 15 10 6 17 20 14 13 11 16 4 . 7 4 . 2 15 11 7 6 . 9 9 Robot Miss Streak 6 | 1 4 1 4 3 4 4 2 4 4 6 4 2 . 6 1 . 1 3 5 3 1 . 2 4 Penetration Max 1 | . . . . . . . . . . . . . . . . . . . . 1 . . . . Secondary Targets 23 | . 3 . 4 . 1 2 5 . 1 1 1 . . . . . . . 4 . . . 1 . Max Gunslinging Chain 1 | . 1 . 1 . 1 1 1 . 1 1 1 . . . . . . . 1 . . . 1 . Shots Hit Robots 1026 | 11 34 6 181 23 22 83 59 11 34 51 141 4 . 27 8 . 3 67 156 17 14 . 9 65 Core Hits 479 | 6 14 2 62 8 7 33 25 5 32 28 61 . . 12 2 . 2 34 75 4 4 . 7 56 Critical Kills 4 | . . . . . . . . . 1 . 1 . . . . . . . . . . . . 2 Critical Parts Destroyed 2 | . . . 1 . . . . . . . . . . . . . . . . 1 . . . . Critical Strikes 43 | . 1 . 2 . . . . . 1 . 4 . . 1 . . . 6 23 2 . . . 3 Burn 28 | . 1 . . . . . . . . . 1 . . . . . . 3 23 . . . . . Destroy 7 | . . . 1 . . . . . 1 . 1 . . . . . . . . 2 . . . 2 Blast 8 | . . . 1 . . . . . . . 2 . . 1 . . . 3 . . . . . 1 Melee Attacks . | . . . . . . . . . . . . . . . . . . . . . . . . . Impact . | . . . . . . . . . . . . . . . . . . . . . . . . . Slashing . | . . . . . . . . . . . . . . . . . . . . . . . . . Piercing . | . . . . . . . . . . . . . . . . . . . . . . . . . Sneak Attacks . | . . . . . . . . . . . . . . . . . . . . . . . . . Combat Hostiles . | . . . . . . . . . . . . . . . . . . . . . . . . . Follow-up Attacks . | . . . . . . . . . . . . . . . . . . . . . . . . . Damage Inflicted 32387 | 120 411 81 3232 344 394 1217 1046 187 741 2306 4766 118 . 746 241 . 103 2884 6604 459 430 . 687 5270 Guns 15433 | 119 411 80 2126 344 394 1217 1046 187 728 810 1507 66 . 370 129 . . 430 3899 459 430 . 219 462 Cannons 9478 | . . . 1106 . . . . . . 924 2872 52 . 376 112 . 103 1655 263 . . . . 2015 Explosions 7448 | . . . . . . . . . . 572 374 . . . . . . 799 2442 . . . 468 2793 Melee . | . . . . . . . . . . . . . . . . . . . . . . . . . Ramming 28 | 1 . 1 . . . . . . 13 . 13 . . . . . . . . . . . . . Kinetic 11391 | 107 . . 3232 344 394 1217 1046 187 728 . 1040 118 . 661 . . 103 1083 43 402 . . . 686 Thermal 14733 | 12 411 80 . . . . . . . 1855 3713 . . 37 241 . . 1768 4119 57 430 . 219 1791 Explosive 6154 | . . . . . . . . . . 451 . . . . . . . . 2442 . . . 468 2793 Electromagnetic 81 | . . . . . . . . . . . . . . 48 . . . 33 . . . . . . Impact . | . . . . . . . . . . . . . . . . . . . . . . . . . Slashing . | . . . . . . . . . . . . . . . . . . . . . . . . . Piercing . | . . . . . . . . . . . . . . . . . . . . . . . . . Highest Corruption 59 | . . . . . . . . . . . 49 59 59 59 59 59 59 7 7 7 7 . . 9 Average Corruption 24 | . . . . . . . . . . . 22 55 59 59 59 59 59 5 7 7 7 . . 1 Corruption Purged . | . . . . . . . . . . . . . . . . . . . . . . . . . Corruption Blocked . | . . . . . . . . . . . . . . . . . . . . . . . . . Effects 267 | . . . . . . . . . . . 69 19 4 23 32 . 35 13 48 16 4 . . 4 Message Errors 54 | . . . . . . . . . . . 14 2 2 4 4 . 11 4 9 2 2 . . . Matter Fused 67 | . . . . . . . . . . . 17 5 . 4 11 . 10 1 14 4 1 . . . Heat Flow Errors 24 | . . . . . . . . . . . 6 . . 3 2 . 2 2 4 1 1 . . 3 Energy Discharges 31 | . . . . . . . . . . . 6 2 1 1 5 . 3 2 8 2 . . . 1 Parts Rejected 2 | . . . . . . . . . . . 1 . . 1 . . . . . . . . . . Parts Fused 3 | . . . . . . . . . . . 1 . . . 1 . 1 . . . . . . . Data Loss (minor) 27 | . . . . . . . . . . . 8 2 1 1 4 . 5 1 4 1 . . . . Data Loss (major) 10 | . . . . . . . . . . . 2 . . 1 2 . 1 . 2 2 . . . . Misfires 11 | . . . . . . . . . . . 2 . . 1 2 . . . 4 2 . . . . Alerts 8 | . . . . . . . . . . . 1 1 . . 1 . 2 . 1 2 . . . . Misdirections 12 | . . . . . . . . . . . 5 7 . . . . . . . . . . . . Weapon Failures 18 | . . . . . . . . . . . 6 . . 7 . . . 3 2 . . . . . Overload Shots 14 | . . . . . . . . . . 4 . . . . . . . . 10 . . . . . Overflow Damage 588 | . . . . . . . . . 3 23 15 . . 7 . . . 111 308 . . . . 121 Projectiles 125 | . . . . . . . . . . 23 12 . . 7 . . . 26 . . . . . 57 Explosions 460 | . . . . . . . . . . . 3 . . . . . . 85 308 . . . . 64 Melee 3 | . . . . . . . . . 3 . . . . . . . . . . . . . . . Knockbacks 19 | . . . 3 . . . . . . . 4 . . 2 . . . 7 . . . . . 3 Impact . | . . . . . . . . . . . . . . . . . . . . . . . . . Kinetic 18 | . . . 3 . . . . . . . 4 . . 2 . . . 6 . . . . . 3 Secondary 1 | . . . . . . . . . . . . . . . . . . 1 . . . . . . Self-Inflicted Damage 540 | . . . . . 37 . 31 . . 24 261 . . . . . . 187 . . . . . . Shots 11 | . . . . . 1 . 1 . . 1 4 . . . . . . 4 . . . . . . Rammed 1 | 1 . . . . . . . . . . . . . . . . . . . . . . . . Targets Rammed 4 | 1 . 1 . . . . . . 1 . 1 . . . . . . . . . . . . . Kicked 3 | . . 1 . . . . . . 1 . 1 . . . . . . . . . . . . . Crushed . | . . . . . . . . . . . . . . . . . . . . . . . . . Highest Temperature 570 | 10 108 7 87 78 66 15 92 . 105 570 507 . . 250 264 . 271 493 262 68 42 . 5 484 Average Temperature 75 | 2 77 4 26 26 22 8 30 . 17 124 170 . . 65 94 . 89 128 39 68 19 . 5 127 Received Heat Transfer 4218 | 132 63 45 378 18 72 . 405 . . 503 774 . . 423 . . . 371 273 26 18 . 24 693 Effects 10 | . . . . . . . . . . 2 3 . . . . . . 4 . . . . . 1 Shutdowns 1 | . . . . . . . . . . . . . . . . . . 1 . . . . . . Energy Bleed 2 | . . . . . . . . . . 1 . . . . . . . 1 . . . . . . Interference 1 | . . . . . . . . . . . 1 . . . . . . . . . . . . . Matter Decay 1 | . . . . . . . . . . . 1 . . . . . . . . . . . . . Short Circuit 2 | . . . . . . . . . . . . . . . . . . 1 . . . . . 1 Damage (minor) 2 | . . . . . . . . . . . 1 . . . . . . 1 . . . . . . Damage (major) 1 | . . . . . . . . . . 1 . . . . . . . . . . . . . . Siege Activations 1 | . . . . . . . . . . . . . . . . . . . . . . . . 1 Total Turns 8 | . . . . . . . . . . . . . . . . . . . . . . . . 8 Longest Duration 8 | . . . . . . . . . . . . . . . . . . . . . . . . 8 Martial Activations . | . . . . . . . . . . . . . . . . . . . . . . . . . Shielding Activations . | . . . . . . . . . . . . . . . . . . . . . . . . . Robots Disrupted 1 | . . . . . . . . . . . 1 . . . . . . . . . . . . . Combat Hostiles 1 | . . . . . . . . . . . 1 . . . . . . . . . . . . . Robots Corrupted . | . . . . . . . . . . . . . . . . . . . . . . . . . Combat Hostiles . | . . . . . . . . . . . . . . . . . . . . . . . . . Parts Fried 2 | . . . . . . . . . . . . . . . . . . . 2 . . . . . Impact Corruptions 1 | . . . . . . . . . 1 . . . . . . . . . . . . . . . Robots Melted 3 | . . . . . . . . . . . . . . . . . . . 2 . 1 . . . Combat Hostiles 2 | . . . . . . . . . . . . . . . . . . . 1 . 1 . . . Parts Melted 42 | . 3 . . . 4 . . . . 2 4 . . . 1 . . 3 24 . 1 . . . Heat Transferred 18590 | 37 1177 186 . . . . . . . 1323 2025 . . . 185 . . 1548 9609 95 555 . 333 1517 Parts Sabotaged 2 | . . . . . . . . . . . . . . . . . . . . . . . . 2 Parts Stolen . | . . . . . . . . . . . . . . . . . . . . . . . . . Parts Stripped . | . . . . . . . . . . . . . . . . . . . . . . . . . Power Chain Reactions 4 | . . . . . . . . . . 2 1 . . . . . . 1 . . . . . . Alert | -11 -10 -9 -9 -9 -9 -6 -6 -6 -6 -5 -5 -5 -5 -5 -5 -5 -4 -4 -4 -4 -4 -3 -3 -2 ------- Run | Yrd Mat Mat Sto Rec Scr Fac Low Low Dat Pro Fac Was Fac Upp Upp Zhi Pro Fac Ext Cet Arc Res DSF Res Maximum Alert Level 4 | . . . 1 . . . . . . . 2 . . . . . . 1 4 3 2 . 1 3 Low Security (%) 67 | 100 100 100 90 100 . 100 . . . . 70 100 100 . . . . 86 44 . . 100 28 8 Level 1 14 | . . . 9 . . . . . . . 9 . . . . . . 13 41 . 10 . 71 10 Level 2 8 | . . . . . . . . . . . 19 . . . . . . . 2 . 89 . . 49 Level 3 8 | . . . . . . . . . . . . . . . . . . . 7 100 . . . 31 Level 4 . | . . . . . . . . . . . . . . . . . . . 4 . . . . . Level 5 . | . . . . . . . . . . . . . . . . . . . . . . . . . High Security . | . . . . . . . . . . . . . . . . . . . . . . . . . Max Security . | . . . . . . . . . . . . . . . . . . . . . . . . . Sterilizations 1 | . . . . . . . . . . . . . . . . . . . . . . . 1 . Peak Influence 1359 | 20 77 30 229 146 . 93 . . . . 540 187 46 . . . . 278 1359 966 523 185 374 1089 Initial 757 | . . 15 . 85 . . . . . . 107 187 46 . . . . . 132 757 367 180 131 210 Average 224 | 2 47 6 116 75 . 39 . . . . 201 126 34 . . . . 102 277 855 478 180 277 603 Influence Increases 8658 | 25 137 30 789 161 . 224 221 . . 320 1409 . . 100 30 . 30 834 1969 465 196 5 363 1350 Destroy 0b10 Robot/C 4280 | 20 100 20 460 40 . 120 200 . . 280 640 . . 100 20 . 20 380 780 180 80 . 180 660 Destroy 0b10 Robot/NC 385 | 5 15 . 140 15 . 40 . . . . 30 . . . . . . 20 80 10 . . . 30 Destroy Leader 732 | . 22 10 152 . . 32 10 . . 40 126 . . . 10 . 10 72 104 10 . . 20 114 Allied During Kill 1142 | . . . . . . . 11 . . . 99 . . . . . . . 565 194 80 . 103 90 Successful Hack 73 | . . . 14 14 . . . . . . . . . . . . . 4 . 12 . 5 . 24 Select Force Hacks 90 | . . . . 90 . . . . . . . . . . . . . . . . . . . . Disable Machine 615 | . . . . . . . . . . . 180 . . . . . . 180 180 15 30 . . 30 Destroy Structure 1116 | . . . 8 2 . 2 . . . . 274 . . . . . . 178 200 44 6 . 60 342 Partial Spotted 15 | . . . . . . . . . . . . . . . . . . . . . . . . 15 Lose Combat Pursuer 210 | . . . 15 . . 30 . . . . 60 . . . . . . . 60 . . . . 45 Influence Decreases 7606 | 25 100 67 569 381 . 224 196 25 . 150 1043 469 51 96 50 . 30 564 886 900 631 313 164 672 Entered New Map 2403 | . . 22 . 135 . . . 6 . . 63 349 21 7 4 . . . 138 596 551 303 44 164 Time Decay 3726 | 25 90 45 479 246 . 184 126 19 . 140 613 100 30 59 46 . 30 354 548 254 50 10 . 278 Lost Part 1017 | . 10 . 90 . . 40 50 . . 10 247 . . 30 . . . 210 120 10 10 . . 190 Lost Ally 460 | . . . . . . . 20 . . . 120 20 . . . . . . 80 40 20 . 120 40 Squads Dispatched 34 | . . . 3 . . 2 . . . . 12 . . . . . . 4 3 1 . . 2 7 Investigation 6 | . . . 1 . . . . . . . 2 . . . . . . 2 . 1 . . . . Extermination 8 | . . . . . . . . . . . 4 . . . . . . 2 . . . . . 2 Reinforcement 15 | . . . 1 . . 2 . . . . 6 . . . . . . . 3 . . . 2 1 Assault 1 | . . . . . . . . . . . . . . . . . . . . . . . . 1 Garrison 4 | . . . 1 . . . . . . . . . . . . . . . . . . . . 3 Intercept . | . . . . . . . . . . . . . . . . . . . . . . . . . Searches Triggered . | . . . . . . . . . . . . . . . . . . . . . . . . . Construction Impeded 6 | . . . . . . . . . . . 3 . . . . . . . 3 . . . . . Haulers Reinforced 3 | . . . . . . 1 . . . . 2 . . . . . . . . . . . . . Active Scanning Responses . | . . . . . . . . . . . . . . . . . . . . . . . . . Cargo Convoy Interrupts 1 | . . . . . . . . . . . 1 . . . . . . . . . . . . . Stealth | -11 -10 -9 -9 -9 -9 -6 -6 -6 -6 -5 -5 -5 -5 -5 -5 -5 -4 -4 -4 -4 -4 -3 -3 -2 --------- Run | Yrd Mat Mat Sto Rec Scr Fac Low Low Dat Pro Fac Was Fac Upp Upp Zhi Pro Fac Ext Cet Arc Res DSF Res Distress Signals 9 | . . . 3 . . . . . . . 2 . . . . . . . . 2 1 . . 1 Communications Jammed . | . . . . . . . . . . . . . . . . . . . . . . . . . Distress Signals . | . . . . . . . . . . . . . . . . . . . . . . . . . Times Spotted 289 | 1 7 1 31 1 12 11 10 . 4 10 47 6 . 5 3 . 1 25 46 11 4 . 10 43 Peak Tracking Total 10 | 1 3 1 6 1 3 5 5 . 4 5 4 6 . 5 2 . 1 4 8 5 2 . 4 10 Tactical Retreats 8 | . . . 1 . . 1 . . . . 4 . . . . . . . 1 . . . . 1 Traps | -11 -10 -9 -9 -9 -9 -6 -6 -6 -6 -5 -5 -5 -5 -5 -5 -5 -4 -4 -4 -4 -4 -3 -3 -2 ------- Run | Yrd Mat Mat Sto Rec Scr Fac Low Low Dat Pro Fac Was Fac Upp Upp Zhi Pro Fac Ext Cet Arc Res DSF Res Traps Triggered 15 | . . . 6 . . . . . . . 4 . . . 1 . . 2 . . . . 2 . Indirectly . | . . . . . . . . . . . . . . . . . . . . . . . . . Trap Hack Attempts . | . . . . . . . . . . . . . . . . . . . . . . . . . Triggered . | . . . . . . . . . . . . . . . . . . . . . . . . . Disarmed . | . . . . . . . . . . . . . . . . . . . . . . . . . Reprogrammed . | . . . . . . . . . . . . . . . . . . . . . . . . . Reused . | . . . . . . . . . . . . . . . . . . . . . . . . . Traps Extracted . | . . . . . . . . . . . . . . . . . . . . . . . . . Installed . | . . . . . . . . . . . . . . . . . . . . . . . . . Triggered . | . . . . . . . . . . . . . . . . . . . . . . . . . Machines | -11 -10 -9 -9 -9 -9 -6 -6 -6 -6 -5 -5 -5 -5 -5 -5 -5 -4 -4 -4 -4 -4 -3 -3 -2 ---------- Run | Yrd Mat Mat Sto Rec Scr Fac Low Low Dat Pro Fac Was Fac Upp Upp Zhi Pro Fac Ext Cet Arc Res DSF Res Machines Disabled 49 | . . . . . 2 . 1 . . . 12 . . . . . . 12 16 2 2 . . 2 Max in Single Turn 7 | . . . . . 1 . 1 . . . 5 . . . . . . 7 2 . . . . 1 Garrison Access 1 | . . . . . . . . . . . . . . . . . . . . . . . . 1 Machines Repaired . | . . . . . . . . . . . . . . . . . . . . . . . . . Machines Dismantled . | . . . . . . . . . . . . . . . . . . . . . . . . . Machines Sabotaged . | . . . . . . . . . . . . . . . . . . . . . . . . . Overloaded Fab Kills . | . . . . . . . . . . . . . . . . . . . . . . . . . Hacking | -11 -10 -9 -9 -9 -9 -6 -6 -6 -6 -5 -5 -5 -5 -5 -5 -5 -4 -4 -4 -4 -4 -3 -3 -2 --------- Run | Yrd Mat Mat Sto Rec Scr Fac Low Low Dat Pro Fac Was Fac Upp Upp Zhi Pro Fac Ext Cet Arc Res DSF Res Machines Accessed 30 | . 2 . 3 4 2 . 2 2 2 . 4 . . . 2 . . 2 . 2 . 1 . 2 Terminals 11 | . 2 . 3 1 . . . . . . 1 . . . . . . 1 . 2 . 1 . . Fabricators 1 | . . . . . . . . . . . 1 . . . . . . . . . . . . . Repair Stations . | . . . . . . . . . . . . . . . . . . . . . . . . . Recycling Units 6 | . . . . 3 . . . . . . 2 . . . . . . 1 . . . . . . Scanalyzers 1 | . . . . . . . . . . . . . . . . . . . . . . . . 1 Garrison Access 1 | . . . . . . . . . . . . . . . . . . . . . . . . 1 Total Hacks 105 | . 6 . 4 11 19 . 8 6 23 . 8 . . . 4 . . 5 . 7 . 1 . 3 Successful 84 | . 2 . 3 8 19 . 8 6 23 . 3 . . . 4 . . 1 . 3 . 1 . 3 Failed 21 | . 4 . 1 3 . . . . . . 5 . . . . . . 4 . 4 . . . . Catastrophic 2 | . . . . 1 . . . . . . . . . . . . . . . 1 . . . . Database Lockouts . | . . . . . . . . . . . . . . . . . . . . . . . . . Manual 16 | . 1 . 1 6 . . . 1 . . 3 . . . . . . 2 . 2 . . . . Terminals 29 | . 6 . 4 6 . . . . . . 2 . . . . . . 3 . 7 . 1 . . Fabricators 2 | . . . . . . . . . . . 2 . . . . . . . . . . . . . Repair Stations . | . . . . . . . . . . . . . . . . . . . . . . . . . Recycling Units 11 | . . . . 5 . . . . . . 4 . . . . . . 2 . . . . . . Scanalyzers 2 | . . . . . . . . . . . . . . . . . . . . . . . . 2 Garrison Access 1 | . . . . . . . . . . . . . . . . . . . . . . . . 1 Terminal Hacks 74 | . 1 . 3 4 19 . 8 6 23 . 1 . . . 4 . . 1 . 3 . 1 . . Record 37 | . . . . 1 18 . 7 5 . . . . . . 3 . . . . 3 . . . . Part Schematic 14 | . . . . 1 . . . . 13 . . . . . . . . . . . . . . . Robot Schematic 7 | . . . . . . . . . 7 . . . . . . . . . . . . . . . Prototype ID Bank 4 | . . . . 1 . . . . 3 . . . . . . . . . . . . . . . Open Door 7 | . . . 3 . . . 1 1 . . . . . . 1 . . 1 . . . . . . Open DSF 1 | . . . . . . . . . . . . . . . . . . . . . . 1 . . Maintenance Status 1 | . . . . . . . . . . . 1 . . . . . . . . . . . . . Registered Components 1 | . . . . 1 . . . . . . . . . . . . . . . . . . . . Zone Layout 1 | . 1 . . . . . . . . . . . . . . . . . . . . . . . Proto ID Catalog 1 | . . . . . 1 . . . . . . . . . . . . . . . . . . . Fabricator Hacks . | . . . . . . . . . . . . . . . . . . . . . . . . . Repair Station Hacks . | . . . . . . . . . . . . . . . . . . . . . . . . . Recycling Unit Hacks 1 | . . . . 1 . . . . . . . . . . . . . . . . . . . . Retrieve Components 1 | . . . . 1 . . . . . . . . . . . . . . . . . . . . Scanalyzer 2 | . . . . . . . . . . . . . . . . . . . . . . . . 2 Retrieve Study 2 | . . . . . . . . . . . . . . . . . . . . . . . . 2 Garrison Access Hacks 1 | . . . . . . . . . . . . . . . . . . . . . . . . 1 Seal Access 1 | . . . . . . . . . . . . . . . . . . . . . . . . 1 Unauthorized Hacks 6 | . 1 . . 3 . . . . . . 2 . . . . . . . . . . . . . Terminals 1 | . 1 . . . . . . . . . . . . . . . . . . . . . . . Track 1 | . 1 . . . . . . . . . . . . . . . . . . . . . . . Fabricators . | . . . . . . . . . . . . . . . . . . . . . . . . . Repair Stations . | . . . . . . . . . . . . . . . . . . . . . . . . . Recycling Units 5 | . . . . 3 . . . . . . 2 . . . . . . . . . . . . . Tunnel 3 | . . . . 3 . . . . . . . . . . . . . . . . . . . . Scrapoids 2 | . . . . . . . . . . . 2 . . . . . . . . . . . . . Scanalyzers . | . . . . . . . . . . . . . . . . . . . . . . . . . Garrison Access . | . . . . . . . . . . . . . . . . . . . . . . . . . Data Cores Recovered . | . . . . . . . . . . . . . . . . . . . . . . . . . Used . | . . . . . . . . . . . . . . . . . . . . . . . . . Hacking Detections 11 | . 2 . 2 1 . . . . . . 3 . . . . . . 1 . 2 . . . . Full Trace Events 3 | . . . . 1 . . . . . . . . . . . . . 1 . 1 . . . . Feedback Events . | . . . . . . . . . . . . . . . . . . . . . . . . . Feedback Blocked . | . . . . . . . . . . . . . . . . . . . . . . . . . Robot Schematics Acquired 7 | . . . . . . . . . 7 . . . . . . . . . . . . . . . Robots Built . | . . . . . . . . . . . . . . . . . . . . . . . . . Authchips . | . . . . . . . . . . . . . . . . . . . . . . . . . Time . | . . . . . . . . . . . . . . . . . . . . . . . . . Total Robot Build Rating . | . . . . . . . . . . . . . . . . . . . . . . . . . Part Schematics Acquired 14 | . . . . 1 . . . . 13 . . . . . . . . . . . . . . . Parts Built . | . . . . . . . . . . . . . . . . . . . . . . . . . Authchips . | . . . . . . . . . . . . . . . . . . . . . . . . . Time . | . . . . . . . . . . . . . . . . . . . . . . . . . Total Part Build Rating . | . . . . . . . . . . . . . . . . . . . . . . . . . Part Studies Acquired 2 | . . . . . . . . . . . . . . . . . . . . . . . . 2 Parts Repaired . | . . . . . . . . . . . . . . . . . . . . . . . . . Time . | . . . . . . . . . . . . . . . . . . . . . . . . . Parts Recycled . | . . . . . . . . . . . . . . . . . . . . . . . . . Recycled Matter . | . . . . . . . . . . . . . . . . . . . . . . . . . Retrieved Matter . | . . . . . . . . . . . . . . . . . . . . . . . . . Retrieved Components 1 | . . . . 1 . . . . . . . . . . . . . . . . . . . . Parts Scanalyzed . | . . . . . . . . . . . . . . . . . . . . . . . . . Part Schematics Acquired . | . . . . . . . . . . . . . . . . . . . . . . . . . Parts Damaged . | . . . . . . . . . . . . . . . . . . . . . . . . . Bothacking | -11 -10 -9 -9 -9 -9 -6 -6 -6 -6 -5 -5 -5 -5 -5 -5 -5 -4 -4 -4 -4 -4 -3 -3 -2 ------------ Run | Yrd Mat Mat Sto Rec Scr Fac Low Low Dat Pro Fac Was Fac Upp Upp Zhi Pro Fac Ext Cet Arc Res DSF Res Used RIF Installer . | . . . . . . . . . . . . . . . . . . . . . . . . . Robots Hacked 1 | . . . . . . . . . . . . . . . . . . . . 1 . . . . Non-combat . | . . . . . . . . . . . . . . . . . . . . . . . . . Combat 1 | . . . . . . . . . . . . . . . . . . . . 1 . . . . Robot Hacks Applied 1 | . . . . . . . . . . . . . . . . . . . . 1 . . . . parse_system 1 | . . . . . . . . . . . . . . . . . . . . 1 . . . . Relay Couplers Released . | . . . . . . . . . . . . . . . . . . . . . . . . . Fabnet Peak Effective % . | . . . . . . . . . . . . . . . . . . . . . . . . . Robots Rewired 5 | . . . . . . . . . . . 1 . . . . . . . 4 . . . . . Allies Hacked . | . . . . . . . . . . . . . . . . . . . . . . . . . Hacks Repelled . | . . . . . . . . . . . . . . . . . . . . . . . . . Allies | -11 -10 -9 -9 -9 -9 -6 -6 -6 -6 -5 -5 -5 -5 -5 -5 -5 -4 -4 -4 -4 -4 -3 -3 -2 -------- Run | Yrd Mat Mat Sto Rec Scr Fac Low Low Dat Pro Fac Was Fac Upp Upp Zhi Pro Fac Ext Cet Arc Res DSF Res Total Allies 32 | . . . . . . . 2 . . . 11 . . . . . . . 14 5 . . . . Largest Group 12 | . . . . . . . 2 . . . 6 1 . . . . . . 12 12 10 8 8 2 Highest-Rated Group 909 | . . . . . . . 51 . . . 287 47 . . . . . . 665 909 755 566 566 142 Highest-Rated Ally 159 | . . . . . . . 31 . . . 50 47 . . . . . . 159 159 151 96 96 96 Initial UFD Resources 29 | . . . . . . 24 24 24 24 26 26 20 20 20 20 20 22 22 22 22 22 26 26 29 Total Orders 9 | . . . . . 3 . . . 1 . 5 . . . . . . . . . . . . . STAY 4 | . . . . . . . . . 1 . 3 . . . . . . . . . . . . . FOLLOW 2 | . . . . . . . . . . . 2 . . . . . . . . . . . . . EXPLORE 2 | . . . . . 2 . . . . . . . . . . . . . . . . . . . RETURN 1 | . . . . . 1 . . . . . . . . . . . . . . . . . . . Ally Attacks 412 | . . . . . . . 16 . . . 96 10 . . . . . . 123 82 24 . 43 18 Total Damage 10878 | . . . . . . . 210 . . . 1677 264 . . . . . . 3650 2119 607 . 1738 613 Kills 55 | . . . . . . . 1 . . . 10 . . . . . . . 19 10 3 . 7 5 Allies Corrupted . | . . . . . . . . . . . . . . . . . . . . . . . . . Allies Melted 2 | . . . . . 2 . . . . . . . . . . . . . . . . . . . Intel | -11 -10 -9 -9 -9 -9 -6 -6 -6 -6 -5 -5 -5 -5 -5 -5 -5 -4 -4 -4 -4 -4 -3 -3 -2 ------- Run | Yrd Mat Mat Sto Rec Scr Fac Low Low Dat Pro Fac Was Fac Upp Upp Zhi Pro Fac Ext Cet Arc Res DSF Res Active Infowar (turns) . | . . . . . . . . . . . . . . . . . . . . . . . . . Robot Analysis Total . | . . . . . . . . . . . . . . . . . . . . . . . . . Derelict Logs Recovered 7 | . . . . . . . . 2 . 3 . . . 1 1 . . . . . . . . . Drone Launches 8 | . . . . . 2 . . . 6 . . . . . . . . . . . . . . . Drone Recoveries 4 | . . . . . 2 . . . 2 . . . . . . . . . . . . . . . Exploration | -11 -10 -9 -9 -9 -9 -6 -6 -6 -6 -5 -5 -5 -5 -5 -5 -5 -4 -4 -4 -4 -4 -3 -3 -2 ------------- Run | Yrd Mat Mat Sto Rec Scr Fac Low Low Dat Pro Fac Was Fac Upp Upp Zhi Pro Fac Ext Cet Arc Res DSF Res Turns Passed 19046 | 246 211 186 1640 569 2564 515 829 1526 1712 777 2043 200 62 325 593 13 681 1133 1657 556 102 24 278 604 Spaces Moved 8444 | 301 115 83 474 222 861 176 341 576 594 435 909 137 52 194 294 5 302 515 925 282 58 16 228 349 Core 424 | 300 . . 5 . . . . . 8 . . . . . . . . . 6 . . . . 105 Treads 1631 | . . . 163 222 861 58 . . . . . . . . . . . . . . . . 83 244 Legs 5552 | 1 81 83 306 . . 118 341 576 586 435 909 137 52 194 294 5 302 515 617 . . . . . Wheels . | . . . . . . . . . . . . . . . . . . . . . . . . . Hover . | . . . . . . . . . . . . . . . . . . . . . . . . . Flight 837 | . 34 . . . . . . . . . . . . . . . . . 302 282 58 16 145 . Fastest Speed 34 | 50 37 120 190 240 240 190 190 260 120 120 120 120 120 120 190 190 190 120 34 34 34 34 34 50 Average Speed 165 | 63 104 199 261 240 240 206 201 260 203 133 131 124 120 130 190 190 221 166 94 34 34 34 74 116 Slowest Speed 900 | 120 120 260 850 240 240 240 260 260 900 190 260 190 120 190 190 190 260 260 600 34 34 34 145 145 Overloaded Moves . | . . . . . . . . . . . . . . . . . . . . . . . . . Propulsion Burnouts . | . . . . . . . . . . . . . . . . . . . . . . . . . Robots Hopped 2 | . . . . . . . . . . . . . . . . . . . . . . . 2 . Potential Cave-ins . | . . . . . . . . . . . . . . . . . . . . . . . . . Cave-ins Triggered 1 | . . . . . . . . . . . 1 . . . . . . . . . . . . . Exploration Rate (%) 45 | 6 25 12 75 41 95 8 42 70 89 64 20 89 2 50 45 7 54 12 81 71 74 1 94 15 Regions Visited 24 Branch Regions 14 Pre-discovered Areas 9 | . . . . 3 5 . . 1 . . . . . . . . . . . . . . . . Known Exits Taken 10 | . . . . . . 1 1 1 . 1 . . 1 1 1 . 1 . . . 1 1 . . Unknown Exits Taken 11 | 1 1 1 1 1 1 . . . 1 . . . . . . 1 . 1 1 1 . . . . Scrap Searched 13 | . . . . . 3 . . 1 . 4 . . . 1 2 . 2 . . . . . . . Spaces Dug 19 | . . . . . 10 . 6 . 1 1 . . . . . . . . . . . . . 1 Terrain Destroyed 596 | . . . 4 . 10 . 6 . 20 40 115 . . 7 3 . 1 103 129 1 1 . 18 138 Melee . | . . . . . . . . . . . . . . . . . . . . . . . . . Projectile 140 | . . . 4 . . . . . 16 11 51 . . 7 3 . 1 15 17 1 1 . . 13 AOE 456 | . . . . . 10 . 6 . 4 29 64 . . . . . . 88 112 . . . 18 125 Terrain Rammed . | . . . . . . . . . . . . . . . . . . . . . . . . . Walls Destroyed . | . . . . . . . . . . . . . . . . . . . . . . . . . Machines Disabled . | . . . . . . . . . . . . . . . . . . . . . . . . . Actions | -11 -10 -9 -9 -9 -9 -6 -6 -6 -6 -5 -5 -5 -5 -5 -5 -5 -4 -4 -4 -4 -4 -3 -3 -2 --------- Run | Yrd Mat Mat Sto Rec Scr Fac Low Low Dat Pro Fac Was Fac Upp Upp Zhi Pro Fac Ext Cet Arc Res DSF Res Total 12121 | 344 152 96 660 235 1340 244 433 598 1021 552 1522 163 51 226 318 10 309 679 1507 718 126 33 326 458 Wait 2258 | 11 . 3 7 . 431 9 59 20 303 44 408 15 . 7 10 . . 34 368 406 60 18 35 10 Move 8418 | 300 114 82 473 221 860 175 340 575 593 434 909 136 51 193 293 4 301 514 924 281 57 15 224 349 Hop 1 | . . . . . . . . . . . . . . . . . . . . . . . 1 . Pick Up 187 | 8 5 5 41 2 10 6 2 . 35 6 12 1 . . 2 . . 20 15 2 1 . 11 3 Fast Attach 93 | . . . 8 . 4 4 2 . 1 4 18 . . 4 3 1 1 18 18 1 . . 1 5 Attach 166 | 7 2 . 22 1 . 8 . . 27 12 20 1 . 1 2 1 . 19 14 4 1 . 8 16 Detach 63 | . . . 3 . . 2 . . 11 7 8 3 . 1 . 2 . 6 5 3 . . 1 11 Swap 43 | . 4 1 3 . 6 3 5 . 1 1 9 . . . 1 . 1 4 3 . . . 1 . Drop 111 | 1 1 . 14 1 17 2 3 . 9 4 3 4 . 1 . 2 1 11 23 1 1 . 7 5 Fire 695 | 16 26 4 89 10 12 35 22 3 38 40 126 3 . 19 7 . 5 53 96 20 6 . 6 59 Melee . | . . . . . . . . . . . . . . . . . . . . . . . . . Ram 1 | 1 . . . . . . . . . . . . . . . . . . . . . . . . Kick 3 | . . 1 . . . . . . 1 . 1 . . . . . . . . . . . . . Crush . | . . . . . . . . . . . . . . . . . . . . . . . . . Escape Stasis 30 | . . . . . . . . . . . . . . . . . . . . . . . 30 . Rewire 50 | . . . . . . . . . . . 8 . . . . . . . 41 . . . 1 . Trap . | . . . . . . . . . . . . . . . . . . . . . . . . . Miscellaneous 2 | . . . . . . . . . 2 . . . . . . . . . . . . . . . Route ------- -11/Scrapyard -10/Materials -9/Materials -9/Storage -9/Recycling -9/Scraptown (discovered 2 exits: [*Fac x2]) -6/Factory (discovered 3 exits: Fac x2 / *Low) -6/Lower Caves -6/Lower Caves (discovered 2 exits: *Fac / *Dat) -6/Data Miner -5/Proximity Caves -5/Factory (discovered 2 exits: Upp x2) -5/Waste -5/Factory -5/Upper Caves -5/Upper Caves (discovered 2 exits: Fac / *Zhi) -5/Zhirov -4/Proximity Caves -4/Factory (discovered 4 exits: Res x3 / *Ext) -4/Extension (discovered 2 exits: *Res / *Cet) -4/Cetus (discovered 2 exits: *Res / [*Arc]) -4/Archives (discovered 2 exits: *Res / [*Hub]) -3/Research (discovered 3 exits: Res / Tes / DSF) -3/DSF -2/Research History --------- Turn | Location | Event 2 | -11/Scrapyard | Met Revision 17 112 | -11/Scrapyard | Discovered new exit (range 8) 156 | -11/Scrapyard | Core integrity fell below 50% 247 | -11/Scrapyard | Entered Materials 305 | -10/Materials | Build established: Scavenger-Mutant 432 | -10/Materials | Discovered new exit (range 14) 458 | -10/Materials | Entered another Materials area 458 | -9/Materials | Evolved 2 slots: Weapon x2 579 | -9/Materials | Discovered new exit (range 16) 644 | -9/Materials | Entered Storage 958 | -9/Storage | Garrison activated, responded to threat 1082 | -9/Storage | Lost 4 parts (1p1n2w) 1086 | -9/Storage | Destroyed 7 combat bots 1296 | -9/Storage | Build established: Gunner 1734 | -9/Storage | Found Prototype Launcher 1734 | -9/Storage | Identified Gui. Missile Launcher 2270 | -9/Storage | Used back door to open Recycling access 2270 | -9/Storage | Discovered new exit (range 5) 2284 | -9/Storage | Entered Recycling 2697 | -9/Recycling | Scanned before Scraplab entrance 2731 | -9/Recycling | Entered Scraplab 2750 | -9/Recycling | Discovered new exit (range 3) 2853 | -9/Recycling | Entered Scraptown 2871 | -9/Scraptown | Build established: Scavenger-Gunner 3218 | -9/Scraptown | Visited TADAMA 3274 | -9/Scraptown | Visited CR-KLE's Repair Center 3324 | -9/Scraptown | Visited Comm Corps 3330 | -9/Scraptown | Build established: Gunner 3410 | -9/Scraptown | Visited Shadow of the Wyrm 3655 | -9/Scraptown | Visited UFD Registry 3679 | -9/Scraptown | Registered with UFD as "Slugboard" 3707 | -9/Scraptown | Discovered new exit (range 66) 3842 | -9/Scraptown | CR-KLE repaired 4 parts 4261 | -9/Scraptown | Visited A0-MCA Data Center 4276 | -9/Scraptown | Given a B rating by A0-MCA 4278 | -9/Scraptown | Found A0-MCA's Component Scanner 4322 | -9/Scraptown | Visited Supply Room 4545 | -9/Scraptown | Visited Science Guys 4627 | -9/Scraptown | Build established: Derelict-Gunner 4660 | -9/Scraptown | Visited Cartography Club 4775 | -9/Scraptown | Met Optimus 4775 | -9/Scraptown | Accepted into 0bPrime 4799 | -9/Scraptown | Received an X-ray algorithm 5175 | -9/Scraptown | Civil war broke out across Scraptown 5186 | -9/Scraptown | Found Prototype Processor 5249 | -9/Scraptown | Lost 7 allies 5314 | -9/Scraptown | Lost 9 allies 5329 | -9/Scraptown | Discovered new exit (range 3) 5393 | -9/Scraptown | Learned location of Storage (-9) 5393 | -9/Scraptown | Learned location of Upper Caves (-5) 5393 | -9/Scraptown | Learned location of Extension (-4) 5393 | -9/Scraptown | Learned location of Hub_04(d) (-4) 5393 | -9/Scraptown | Learned 4 Access zone layouts 5393 | -9/Scraptown | Learned 4 Recycling zone layouts 5393 | -9/Scraptown | Learned 20 Upper Caves zone layouts 5393 | -9/Scraptown | Learned 8 Proximity Caves zone layouts 5393 | -9/Scraptown | Learned 12 Proximity Caves zone layouts 5393 | -9/Scraptown | Learned 4 Hub_04(d) zone layouts 5393 | -9/Scraptown | Learned location of 2 exits from Research 5393 | -9/Scraptown | Learned location of 3 exits from Lower Caves 5393 | -9/Scraptown | Learned location of 3 exits from Upper Caves 5417 | -9/Scraptown | Entered Factory 5417 | -6/Factory | Evolved 6 slots: Propulsion x2, Utility x4 5418 | -6/Factory | Identified Expert System 5418 | -6/Factory | Identified exit to Factory 5418 | -6/Factory | Identified exit to Lower Caves 5510 | -6/Factory | Lost 6 parts (1p1n1u3w) 5932 | -6/Factory | Entered Lower Caves 5933 | -6/Lower Caves | Identified exit to Lower Caves 5973 | -6/Lower Caves | Build established: Scavenger-Gunner 6160 | -6/Lower Caves | Lost 3 parts (1p2u) 6415 | -6/Lower Caves | Entered an active Warlord outpost 6423 | -6/Lower Caves | A Commander dispatched an escort 6431 | -6/Lower Caves | Build established: Gunner 6489 | -6/Lower Caves | Learned 8 Research zone layouts 6489 | -6/Lower Caves | Learned Research trap positions 6489 | -6/Lower Caves | Learned Extension trap positions 6489 | -6/Lower Caves | Learned Research security intel 6489 | -6/Lower Caves | Learned Extension security intel 6568 | -6/Lower Caves | Attracted the attention of an 0b10 base 6631 | -6/Lower Caves | Lost 3 parts (1n2w) 6738 | -6/Lower Caves | Encountered a Warlord checkpoint 6761 | -6/Lower Caves | Entered another Lower Caves area 6761 | -6/Lower Caves | Accompanied by 1 ally 6762 | -6/Lower Caves | Commander's escort returned to base 6762 | -6/Lower Caves | Identified exit to Data Miner 6926 | -6/Lower Caves | Build established: Derelict-Gunner 7174 | -6/Lower Caves | Entered an active Warlord outpost 7220 | -6/Lower Caves | Learned location of 1 exit from Factory 7220 | -6/Lower Caves | Learned Armory trap positions 7220 | -6/Lower Caves | Learned Extension emergency access door positions 7220 | -6/Lower Caves | Learned Armory security intel 7256 | -6/Lower Caves | Ran an X-ray algorithm 8044 | -6/Lower Caves | Encountered a Warlord checkpoint 8066 | -6/Lower Caves | Learned Factory emergency access door positions 8287 | -6/Lower Caves | Entered Data Miner 8287 | -6/Data Miner | Discovered new exit (range 6) 8337 | -6/Data Miner | Met Data Miner 8469 | -6/Data Miner | Received God Mode back door access code from Data Miner 8634 | -6/Data Miner | Data Conduit disabled 8662 | -6/Data Miner | Attached CPS modules to Enhanced Grunt 8673 | -6/Data Miner | Lost 4 allies 8689 | -6/Data Miner | Attached CPS modules to Enhanced Grunt 8693 | -6/Data Miner | Attached CPS modules to Enhanced Grunt 8698 | -6/Data Miner | Core integrity fell below 50% 8730 | -6/Data Miner | Lost 10 parts (1n2u7w) 8820 | -6/Data Miner | Found Exp. Thermal Shield 9117 | -6/Data Miner | Found Exp. Thermal Shield 9213 | -6/Data Miner | Build established: Scavenger-Tank 9277 | -6/Data Miner | Found Exp. Thermal Shield 9626 | -6/Data Miner | Build established: Scavenger-Mutant 9999 | -6/Data Miner | Entered Proximity Caves 10053 | -5/Proximity Caves | Spotted B-75 Beast 10109 | -5/Proximity Caves | Destroyed B-75 Beast 10182 | -5/Proximity Caves | Learned Factory interactive machine intel 10191 | -5/Proximity Caves | Learned 8 Factory zone layouts 10406 | -5/Proximity Caves | Learned 4 Factory zone layouts 10467 | -5/Proximity Caves | Core integrity fell below 20% 10507 | -5/Proximity Caves | Attracted the attention of an 0b10 checkpoint 10776 | -5/Proximity Caves | Entered Factory 10776 | -5/Factory | Evolved 2 slots: Power x1, Utility x1 10777 | -5/Factory | Identified exit to Upper Caves 10781 | -5/Factory | Loaded intel: 54 interactive machine locations 11127 | -5/Factory | Scrapoid reinforcements arrived 11128 | -5/Factory | Attached CPS modules to 05F05-D 11171 | -5/Factory | P-70 Sage assimilated allied 05F04-D 11322 | -5/Factory | Found Powered Armor 11444 | -5/Factory | Cargo convoy interrupted 11469 | -5/Factory | Spotted B-75 Beast 11824 | -5/Factory | System corruption reached 10% 11854 | -5/Factory | Lost 6 parts (2p1u3w) 12109 | -5/Factory | System corruption reached 30% 12148 | -5/Factory | Found Prototype Launcher 12149 | -5/Factory | Identified Smartbomb Launcher 12331 | -5/Factory | Scrapoid reinforcements arrived 12423 | -5/Factory | Lost 3 allies 12449 | -5/Factory | Build established: Scavenger-Gunner 12463 | -5/Factory | Crushed by falling debris 12478 | -5/Factory | Core integrity fell below 50% 12515 | -5/Factory | Lost 9 parts (2p3n2u2w) 12538 | -5/Factory | Found Scrap Suit 12778 | -5/Factory | Build established: Scavenger-Mutant 12819 | -5/Factory | Sucked down chute 12819 | -5/Factory | Entered Waste 12834 | -5/Waste | EMP discharged 12844 | -5/Waste | 1 allies followed down the chute 12849 | -5/Waste | Spotted C-40 Crusher 12913 | -5/Waste | Spotted C-40 Crusher 12913 | -5/Waste | Spotted C-40 Crusher 12934 | -5/Waste | EMP discharged 12947 | -5/Waste | Spotted C-40 Crusher 12975 | -5/Waste | Spotted C-40 Crusher 12987 | -5/Waste | Found Broken Fusion Bomb Launcher 12995 | -5/Waste | Spotted C-40 Crusher 12997 | -5/Waste | Discovered new exit (range 14) 13019 | -5/Waste | Entered Factory 13060 | -5/Factory | Discovered exit to Upper Caves (range 9) 13081 | -5/Factory | Entered Upper Caves 13082 | -5/Upper Caves | Identified exit to Upper Caves 13205 | -5/Upper Caves | Found DCF Scrap (10 items) 13272 | -5/Upper Caves | Build established: Scavenger-Gunner 13300 | -5/Upper Caves | Attracted the attention of an 0b10 checkpoint 13339 | -5/Upper Caves | Core integrity fell below 20% 13365 | -5/Upper Caves | Lost 4 parts (1p1n2w) 13391 | -5/Upper Caves | Learned location of 1 exit from Factory 13406 | -5/Upper Caves | Entered another Upper Caves area 13407 | -5/Upper Caves | Identified exit to Zhirov 13407 | -5/Upper Caves | Identified exit to Factory 13629 | -5/Upper Caves | Build established: Scavenger-Mutant 13739 | -5/Upper Caves | Entered an active Warlord outpost 13761 | -5/Upper Caves | Learned Factory emergency access door positions 13770 | -5/Upper Caves | Learned 8 Factory zone layouts 13770 | -5/Upper Caves | Learned Research garrison access intel 13770 | -5/Upper Caves | Learned Armory trap positions 13814 | -5/Upper Caves | Attracted the attention of an 0b10 checkpoint 13999 | -5/Upper Caves | Entered Zhirov 13999 | -5/Zhirov | Discovered new exit (range 3) 14012 | -5/Zhirov | Entered Proximity Caves 14659 | -4/Proximity Caves | Discovered exit to Factory (range 15) 14693 | -4/Proximity Caves | Entered Factory 14693 | -4/Factory | Evolved 2 slots: Propulsion x2 14694 | -4/Factory | Identified exit to Research 14942 | -4/Factory | Found Prototype Device 14944 | -4/Factory | Identified Adv. EM Shield 15229 | -4/Factory | Attached CPS modules to G-67 Veteran 15248 | -4/Factory | Attached CPS modules to G-67 Veteran 15250 | -4/Factory | Attached CPS modules to G-67 Veteran 15304 | -4/Factory | Lost 16 parts (1p2n9u4w) 15379 | -4/Factory | Attached CPS modules to P-70 Sage 15760 | -4/Factory | Build established: Scavenger-Gunner 15822 | -4/Factory | Discovered new exit (range 5) 15826 | -4/Factory | Entered Extension 15827 | -4/Extension | Loaded intel: 29 trap records 15889 | -4/Extension | Core integrity fell below 50% 15947 | -4/Extension | Lost 3 parts (1p2n) 16151 | -4/Extension | Disrupted transfer network 16458 | -4/Extension | Lost 3 parts (1p1n1u) 16722 | -4/Extension | Rescued a captive Derelict 16739 | -4/Extension | Rescued a captive Derelict 16740 | -4/Extension | Rescued a captive Derelict 16763 | -4/Extension | Rescued a captive Derelict 16863 | -4/Extension | Rescued a captive Derelict 16937 | -4/Extension | Rescued a captive Derelict 17166 | -4/Extension | Spotted B-86 Titan 17171 | -4/Extension | Allies destroyed B-86 Titan 17174 | -4/Extension | Spotted B-86 Titan 17198 | -4/Extension | Destroyed B-86 Titan 17216 | -4/Extension | Rescued A7 17284 | -4/Extension | Rescued a captive Derelict 17294 | -4/Extension | Rescued a captive Derelict 17295 | -4/Extension | Rescued a captive Derelict 17388 | -4/Extension | Discovered exit to Research (range 10) 17388 | -4/Extension | Discovered new exit (range 6) 17412 | -4/Extension | Disrupted transfer network 17453 | -4/Extension | Lost 3 parts (1p2w) 17483 | -4/Extension | Entered Cetus 17483 | -4/Cetus | Accompanied by 8 allies (A7) 17488 | -4/Cetus | Acquired a Cetus Manufacturing Module code from A7 17488 | -4/Cetus | Spotted Cetus Guard 17488 | -4/Cetus | Allies destroyed Cetus Guard 17489 | -4/Cetus | Spotted Cetus Guard 17493 | -4/Cetus | Spotted Cetus Guard 17494 | -4/Cetus | Spotted Cetus Guard 17500 | -4/Cetus | Allies destroyed Cetus Guard 17517 | -4/Cetus | Destroyed Cetus Guard 17569 | -4/Cetus | Ran an X-ray algorithm 17569 | -4/Cetus | Started Cetus Manufacturing Module 17594 | -4/Cetus | Manufactured an Enhanced Grunt 17619 | -4/Cetus | Manufactured an Enhanced Grunt 17644 | -4/Cetus | Manufactured an Enhanced Grunt 17669 | -4/Cetus | Manufactured an Enhanced Grunt 17694 | -4/Cetus | Manufactured an Enhanced Grunt 17813 | -4/Cetus | Discovered new exit (range 16) 17890 | -4/Cetus | Spotted Cetus Guard 17890 | -4/Cetus | Spotted Cetus Guard 17891 | -4/Cetus | Spotted Cetus Guard 17892 | -4/Cetus | Spotted Cetus Guard 17898 | -4/Cetus | Allies destroyed Cetus Guard 17904 | -4/Cetus | Allies destroyed Cetus Guard 17905 | -4/Cetus | Allies destroyed Cetus Guard 17909 | -4/Cetus | Allies destroyed Cetus Guard 17911 | -4/Cetus | Discovered exit to Research (range 15) 17914 | -4/Cetus | Met Revision 17 18039 | -4/Cetus | Entered Archives 18039 | -4/Archives | Accompanied by 10 allies (A7) 18061 | -4/Archives | Core integrity fell below 20% 18078 | -4/Archives | Discovered new exit (range 15) 18082 | -4/Archives | Discovered exit to Research (range 15) 18141 | -4/Archives | Entered Research 18141 | -3/Research | Accompanied by 8 allies 18141 | -3/Research | Evolved 2 slots: Weapon x2 18142 | -3/Research | Identified exit to Research 18142 | -3/Research | Identified exit to Testing 18144 | -3/Research | Loaded intel: 63 trap records 18146 | -3/Research | Loaded intel: 4 garrison access locations 18153 | -3/Research | Identified exit to DSF 18165 | -3/Research | Entered DSF 18165 | -3/DSF | Accompanied by 8 allies 18191 | -3/DSF | Additional patrols routed to DSF 18234 | -3/DSF | Discovered exit to Research (range 16) 18275 | -3/DSF | Lost 6 allies 18320 | -3/DSF | Sterilization system engaged 18340 | -3/DSF | Ambient heat levels rising (+10) 18355 | -3/DSF | Ambient heat levels rising (+10) 18370 | -3/DSF | Ambient heat levels rising (+10) 18385 | -3/DSF | Ambient heat levels rising (+10) 18400 | -3/DSF | Ambient heat levels rising (+10) 18409 | -3/DSF | Found Unknown Protection 18409 | -3/DSF | Identified Adv. Powered Armor 18415 | -3/DSF | Ambient heat levels rising (+10) 18430 | -3/DSF | Ambient heat levels rising (+10) 18443 | -3/DSF | Entered Research 18443 | -2/Research | Accompanied by 2 allies 18443 | -2/Research | Evolved 2 slots: Weapon x2 18680 | -2/Research | Build established: Scavenger-Tank 18892 | -2/Research | Destroyed 7 combat bots 18943 | -2/Research | First assault squad dispatched 18948 | -2/Research | Lost 8 parts (2p4u2w) 18975 | -2/Research | Destroyed 9 combat bots 18978 | -2/Research | Core integrity fell below 50% 18980 | -2/Research | Spotted B-90 Cyclops 18990 | -2/Research | Spotted B-90 Cyclops 19000 | -2/Research | Core integrity fell below 20% 19005 | -2/Research | Lost 9 parts (4n1u4w) 19012 | -2/Research | Spotted B-90 Cyclops 19047 | -2/Research | Destroyed by G-73 Enforcer with Phase Gun Last Messages --------------- System corrupted: Heat flow error (+141). W-44 Eye sends out distress signal. Field Manipulator disabled. U-05 Engineer lays Concrete. U-05 Engineer builds a Wall. System corrupted: Heat flow error (+279). Acquired Railgun. Dropped Adv. Variable Charge Gun. Acquired Enh. Hardcell Cannon. System corrupted: Energy discharge (-35). ALERT: Security rotation in progress. P-80 Master knocked back. Slug penetrates P-80 Master. Slug penetrates Wall. P-80 Master knocked back. Slug penetrates Wall. P-80 Master knocked back. Railgun destroyed. P-80 Master Unknown Hover Unit blasted off. P-80 Master destroyed. Map ----- +----------------------------------------------------+ | ###????" # #????????????? | | ????" + """ #????????????? | | ????? ?# """" #????????????? | | ????????# || """ #????????????? | | ! ######## || " #????????????? | | # || ???????????? | | + #??????????? | | # ] ! #??????????? | | # #??????????? | | ?# #################### ## #??????????? | | ?# #?#######??????????? #? #??????????? | | ??# #? ] #???????????###? #??????????? | | ??# # #??????????????? ??????????? | | ###### # !#???????????????? ?? ??????????? | | !! + #??????????????????????????????? | | ! # #??????????????????????????????? | | "#############+######### ???????????? | | ???????????? | | ""+##### #??????????? | | " # #??????????? | | " [ / % % #??????????? | | # ##########+#;#####?????????????????? | | # #???????#!=g| #???????????????????? | | # #???????#!%! #???????????????????? | | ###### # #???????# #???????????????????? | | ?????? ########???????# @ [#???????????????????? | | ??????????????????????# #???????????????????? | | ??????????????????????# #???????????????????? | | ??????????????????????########???????????????????? | | ?????????????????????????????????????????????????? | | ?????????????????????????????????????????????????? | | ?????????????????????????????????????????????????? | | ?????????????????????????????????????????????????? | | ?????????????????????????????????????????????????? | | ?????????????????????????????????????????????????? | | ?????????????????????????????????????????????????? | | ?????????????????????????????????????????????????? | | ?????????????????????????????????????????????????? | | ?????????????????????????????????????????????????? | | ?????????????????????????????????????????????????? | | ?????????????????????????????????????????????????? | | ?????????????????????????????????????????????????? | | ?????????????????????????????????H???????????????? | | ?????????????????????????????????????????????????? | | ?????????????????????????????????????????????????? | | ?????????????????????????????????????????????????? | | ?????????????????????????????????????????????????? | | ?????????????????????????????????????????????????? | | ?????????????????????????????????????????????????? | | ?????????????????????????????????????????????????? | +----------------------------------------------------+ Best States ------------- Heat Dissipation 156 Energy Generation 45 Energy Capacity 1530 Matter Stores 450 Matter Capacity 750 Sight Range 16 Terrain Scan Density 10 EM Shielding 2 Armor Coverage 800 Resistance: TH 30 Core Shielding 30 Evasion (%) 63 Targeting Accuracy 5 Target Analysis 8 Armor Integrity Analysis 30 Recoil Reduction 6 Particle Charging 25 Offensive Hacking 14 Item Schematics ----------------- Rocket Launcher | -9/Recycling | Hacked Combat Drone Bay | -6/Data Miner | Free Lgt. Regenerative Plating | -6/Data Miner | Free Cld. Nuclear Pulse Thruster | -6/Data Miner | Free Exp. Heat Sink | -6/Data Miner | Free Hvy. Proton Missile Launcher | -6/Data Miner | Free Myomer Leg | -6/Data Miner | Free Imp. Cloaking Device | -6/Data Miner | Free Phase Gun | -6/Data Miner | Free Imp. Transmission Jammer | -6/Data Miner | Free Imp. Gyrokinetic Inverter | -6/Data Miner | Free Matter Neutralizer | -6/Data Miner | Free Adv. Corruption Screen | -6/Data Miner | Free Adv. Launcher Guidance Computer | -6/Data Miner | Free Robot Schematics ------------------ B-48 Gladiator | -6/Data Miner | Free A-15 Conveyor | -6/Data Miner | Free P-70 Sage | -6/Data Miner | Free H-66 Slayer | -6/Data Miner | Free H-77 Assassin | -6/Data Miner | Free G-67 Veteran | -6/Data Miner | Free L-61 Swordsman | -6/Data Miner | Free Fabricated ------------ Nothing Repaired ---------- Nothing Studied --------- Enh. Nova Cannon | -2/Research | Hacked Biometal Heavy Treads | -2/Research | Hacked Alien Tech Used ----------------- None Achievements -------------- Wiki Contributor Challenges ------------ None Game ------ Seed MissileMetaMatter Manual? 0 Play Time 02:13:19 Cumulative 351.5 hours Start 2026.06.24 @ 16:49:25 End 2026.06.24 @ 19:49:02 Sessions 1 Manual Loads 0 Difficulty Rogue Special Mode None Game No. 869 Rogue 867 Adventurer 2 Explorer 0 Win Type - Total 1 Types 1/0/0/0/0/0/0/0/0/0 Lore% 50 Gallery% 66 Achievement% 52 Wizard Run 0 Options --------- Layout 2 ASCII 0 Keyboard 0 Movement Mouse Keybinds 0 Fullscreen 1 Font 24/Smallcaps Map View 50x44 Zoom Use 7% Tactical HUD 0 Map Filters NONE Filters NONE Steam 1 RUN: 6e9b7882-1765-40c7-abe5-87d338b924f3